 Dungeon Crawl Stone Soup version 0.31-a0-133-gaae73658be (webtiles) character file.

Game seed: 9472222524223815284

618 benadryl the Shooter (level 7, -12/57 HPs)
             Began as a Demigod Hunter on June 2, 2023.
             Mangled by a two-headed ogre
             ... wielding a +0 giant club
              (24 damage)
             ... on level 5 of the Dungeon.
             The game lasted 00:02:10 (1965 turns).

benadryl the Shooter (Demigod Hunter)               Turns: 1965, Time: 00:02:10

Health: -12/57     AC:  5    Str: 12    XL:     7   Next: 1%
Magic:  9/9        EV: 12    Int: 11    God:
Gold:   130        SH:  0    Dex: 25    Spells: 6/6 levels left

rFire   . . .        v - +0 orcbow (heavy)
rCold   . . .        (shield currently unavailable)
rNeg    . . .        c - +0 leather armour
rPois   .            q - +0 helmet
rElec   .            (no cloak)
rCorr   .            r - +0 pair of gloves
SInv    .            (no boots)
Will    .....        p - amulet of regeneration
Stlth   ++           g - +4 ring of slaying
HPRegen 1.09/turn    (no ring)
MPRegen 0.11/turn

%: no passive effects
@: no status effects
A: high MP 1, forlorn, divine attributes
a: no special abilities


You were on level 5 of the Dungeon.
You visited 1 branch of the dungeon, and saw 4 of its levels.

You collected 130 gold pieces.

Inventory:

Hand Weapons
 a - a +0 shortbow of draining
 v - a +0 heavy orcbow (weapon)
Missiles
 m - 4 curare-tipped darts
Armour
 c - a +0 leather armour (worn)
 q - a +0 helmet (worn)
 r - a +0 pair of gloves (worn)
Jewellery
 g - a +4 ring of slaying (left hand)
 p - an amulet of regeneration (around neck)
Scrolls
 b - a scroll of butterflies
 e - 4 scrolls of teleportation
 f - a scroll of blinking
 h - a scroll of brand weapon
 i - a scroll of identify {unknown}
 k - a scroll of amnesia {unknown}
 o - a scroll of poison {unknown}
 s - a scroll of enchant weapon {unknown}
 t - a scroll of enchant armour {unknown}
 u - a scroll of noise {unknown}
Potions
 d - a potion of enlightenment {unknown}
 j - a potion of cancellation {unknown}
 l - a potion of berserk rage {unknown}
 n - 2 potions of haste {unknown}


   Skills:
 - Level 3.2 Fighting
 * Level 7.6 Ranged Weapons
 - Level 1.7 Dodging
 - Level 0.8 Stealth


You had 6 spell levels left.
You didn't know any spells.
Your spell library contained the following spells:

 Spells                   Type           Power      Damage    Failure   Level
 Cigotuvi's Dreadful Rot  Necr/Pois/Air  0%         N/A       56%         2
 Ensorcelled Hibernation  Hex/Ice        0%         N/A       56%         2
 Spider Form              Tmut/Pois      0%         N/A       80%         3
 Anguish                  Hex/Necr       0%         N/A       99%         4
 Dispel Undead            Necr           0%         3d6       99%         4
 Death Channel            Necr           0%         N/A       100%        6


Dungeon Overview and Level Annotations

Branches:
Dungeon (3/15)

Shops:
D:2 (


Innate Abilities, Weirdness & Mutations

You have an increased reservoir of magic. (+10% MP)
You shall have no god before yourself.
Your divine heritage dramatically boosts your attributes as you level up.


Message History

No target in view!
Unknown command.
There is a stone staircase leading down here.
Things that are here:
a +0 orcbow; a centaur corpse
v - a +0 orcbow
v - a +0 orcbow (weapon)
As you read the scroll of brand weapon, it crumbles to dust.
Your +0 orcbow becomes incredibly heavy!
v - a +0 heavy orcbow (weapon)
You shoot an arrow. You shoot an arrow. You shoot an arrow. You shoot an arrow.
You shoot an arrow. You shoot an arrow. You shoot an arrow.
A two-headed ogre comes into view. It is wielding two +0 giant clubs.
Unknown command.
You shoot an arrow. The arrow hits the two-headed ogre!
The two-headed ogre is moderately wounded.
You shoot an arrow. The arrow hits the two-headed ogre!!
The two-headed ogre is severely wounded.
You shoot an arrow.
The arrow completely misses the two-headed ogre.
The two-headed ogre hits you with a +0 giant club!!
The two-headed ogre hits you with a +0 giant club!
You are too injured to fight recklessly!
You are too injured to fight recklessly!
You are too injured to fight recklessly!
You are too injured to fight recklessly!
You are too injured to fight recklessly!
You are too injured to fight recklessly!
You are too injured to fight recklessly!
You shoot an arrow. The arrow hits the two-headed ogre!
The two-headed ogre is almost dead.
The two-headed ogre hits you with a +0 giant club!
* * * LOW HITPOINT WARNING * * *
The two-headed ogre hits you with a +0 giant club!!
You die...

##### #....
####### #....
#.....## #.#..
#.##...####.#.#
####.##.#.†..>...#
#@........####....
#O##.##.### #.###
#.##.##.# #...<
#.##.##.# #####
#.##.##.#
#.......#
####.#### #.# #.#


You could see a two-headed ogre.

Vanquished Creatures
  Menkaure (D:5)
  An ogre (D:5)
  A centaur (D:5)
  A scorpion (D:5)
  2 hounds (D:5)
  5 iguanas (D:5)
  Robin (D:2)
  A gnoll (D:1)
  An adder (D:5)
  A white imp (D:5)
  2 worms (D:2)
  5 orcs (D:5)
  2 ball pythons
  2 endoplasms
  11 goblins
  3 hobgoblins (D:2)
  4 jackals (D:2)
  A quokka (D:5)
  5 bats
  3 rats
53 creatures vanquished.

Notes
Turn   | Place    | Note
-------+----------+-------------------------------------------
     0 | D:1      | benadryl the Demigod Hunter began the quest for the Orb.
     0 | D:1      | Reached XP level 1. HP: 17/17 MP: 3/3
    76 | D:1      | Reached XP level 2. HP: 25/25 MP: 4/4
   612 | D:2      | Reached XP level 3. HP: 31/31 MP: 5/5
   620 | D:2      | Noticed Robin
   631 | D:2      | Killed Robin
   632 | D:2      | Reached skill level 4 in Ranged Weapons
  1109 | D:2      | Found Icatuy's Antique Weapon Shop.
  1315 | D:3      | You fall into a shaft and drop 2 floors!
  1315 | D:5      | Entered Level 5 of the Dungeon
  1388 | D:5      | Noticed a scorpion
  1396 | D:5      | Killed a scorpion
  1397 | D:5      | Reached XP level 4. HP: 35/38 MP: 6/6
  1418 | D:5      | Reached skill level 5 in Ranged Weapons
  1562 | D:5      | Reached XP level 5. HP: 39/45 MP: 7/7
  1630 | D:5      | Reached skill level 6 in Ranged Weapons
  1631 | D:5      | Noticed an ogre
  1637 | D:5      | Killed an ogre
  1638 | D:5      | Reached XP level 6. HP: 34/51 MP: 8/8
  1798 | D:5      | Noticed Menkaure
  1802 | D:5      | Killed Menkaure
  1803 | D:5      | Reached skill level 7 in Ranged Weapons
  1934 | D:5      | Reached XP level 7. HP: 57/57 MP: 9/9
  1961 | D:5      | Noticed a two-headed ogre
  1965 | D:5      | Mangled by a two-headed ogre

Illustrated notes

Levels and vault maps discovered:
D:1:      psy_arrival_radial01, layout_basic, hex_tiny
D:2:      layout_loops_cross, serial_shops, nicolae_shop_stone, uniq_robin
D:3:      cheibrodos_fertilizer, layout_loops_ring
D:5:      layout_loops_cross, uniq_menkaure

Skill      XL: |  1  2  3  4  5  6 |
---------------+-------------------+-----
Fighting       | 2 3 |  3.2
Ranged Weapons | 4 5 6 7 |  7.6
Dodging        | |  1.7
Stealth        | |  0.8

Action                     |  1- 3 |  4- 6 |  7- 9 || total
---------------------------+-------+-------+-------++-------
   Fire: Shortbow          |    94 |    52 |     2 ||   148
         Orcbow            |       |       |    11 ||    11
    Use: Scroll            |       |     3 |     1 ||     4
 Armour: Leather armour    |    14 |     5 |       ||    19
  Dodge: Dodged            |    33 |    13 |     1 ||    47

Table legend: (Time is in decaauts)
 A = Elapsed time spent in this place.
 B = Non-inter-level travel time spent in this place.
 C = Inter-level travel time spent in this place.
 D = Time resting spent in this place.
 E = Time spent auto-exploring this place.
 F = Levels seen in this place.
 G = Mean time per level.
                   A        B        C        D        E       F      G
               +--------+--------+--------+--------+--------+-----+--------+
         Total |   2002 |   1878 |    124 |      0 |   1567 |   4 |  500.5 |
       Dungeon |   2002 |   1878 |    124 |      0 |   1567 |   4 |  500.5 |
               +--------+--------+--------+--------+--------+-----+--------+

Top non-repeatable levels by time:
     D:2: 741 daAuts
     D:5: 666 daAuts
     D:1: 593 daAuts
